 Dungeon Sprint DCSS version 0.28-a0-71-g84acfa7270 (webtiles) character file.

Game seed: 10339593656778830224

140 Zeldest the Skirmisher (level 7, -1/60 HPs)
             Began as a Demonspawn Transmuter on Aug 2, 2021.
             Was a Believer of Ru.
             Slain by a gnoll sergeant (14 damage)
             ... in the Dungeon (Sprint VI: "Thunderdome").
             The game lasted 00:06:27 (540 turns).

Zeldest the Skirmisher (Demonspawn Transmuter)       Turns: 540, Time: 00:06:28

Health: -1/60      AC:  8    Str: 12    XL:     7   Next: 50%
Magic:  11/11      EV: 17    Int: 21    God:    Ru [**....]
Gold:   265        SH:  0    Dex: 22    Spells: 9/12 levels left

rFire   . . .      SeeInvis +     - Unarmed
rCold   . . .      Faith    .   (no shield)
rNeg    . . .      Spirit   .   a - +0 robe
rPois   .          Reflect  .   (helmet currently unavailable)
rElec   .          Harm     .   (no cloak)
rCorr   .          Rampage  .   (no gloves)
Will    .....      NoTele   +   (boots currently unavailable)
Stlth   ++........              n - amulet "Beaf" {RegenMP Str+2}
HPRegen 0.20/turn               m - ring "Qerphur" {Int+6 Dex+7 SInv}
MPRegen 0.37/turn               (no ring)

@: appendages, wereblooded, sanguine armoured
A: horns 2, talons 2, claws 2, powered by death 1, weak-willed 1, sanguine
armour 1
a: End Transformation, Renounce Religion


You were in the Dungeon.
You worshipped Ru.
Ru was pleased with you.
You had temporarily grown beastly horns and talons.
You visited 1 branch You collected 400 gold pieces.
You spent 135 gold pieces at shops.

Inventory:

Armour
 a - a +0 robe (worn)
Jewellery
 l - the ring "Addug" {Ice SInv}
   (You bought it in a shop in the Dungeon)

   [ring of ice]

   It enhances your ice magic.
   rF:        It makes you vulnerable to fire.
   rC:        It protects you from cold.
   SInv:      It lets you see invisible.
 m - the ring "Qerphur" (left claw) {Int+6 Dex+7 SInv}
   (You bought it in a shop in the Dungeon)

   [ring of see invisible]

   Int:       It affects your intelligence (+6).
   Dex:       It affects your dexterity (+7).
   SInv:      It lets you see invisible.
 n - the amulet "Beaf" (around neck) {RegenMP Str+2}
   (You bought it in a shop in the Dungeon)

   [amulet of magic regeneration]

   It increases your rate of magic regeneration.
   Str:       It affects your strength (+2).
Wands
 h - a wand of acid (2)
 i - a wand of iceblast (4)
Scrolls
 g - 4 scrolls of blinking
 j - 3 scrolls of fog
Potions
 b - a potion of curing
 c - 2 potions of heal wounds
 d - 4 potions of haste
 e - 2 potions of magic
 f - a potion of berserk rage
 k - a potion of resistance


   Skills:
 + Level 7.4 Fighting
 + Level 7.0 Dodging
 + Level 7.3 Unarmed Combat
 - Level 3.1 Spellcasting
 + Level 7.0 Transmutations
 + Level 6.1 Air Magic


You had 9 spell levels left.
You knew the following spells:

 Your Spells              Type           Power      Damage    Failure   Level
a - Beastly Appendage     Tmut           64%        N/A       1%          1
b - Wereblood             Tmut           32%        N/A       1%          2

Your spell library contained the following spells:

 Spells                   Type           Power      Damage    Failure   Level
 Spider Form              Tmut/Pois      9%         N/A       10%         3
 Ice Form                 Ice/Tmut       18%        N/A       30%         4


Dungeon Overview and Level Annotations

Branches:
Dungeon (1/1)

Altars:
Cheibriados
Dithmenos
Fedhas
Gozag
Kikubaaqudgha
Makhleb
Okawaru
Qazlal
Ru
Sif Muna
Trog
Uskayaw
Vehumet
Wu Jian
Xom
Yredelemnul
Zin
The Shining One
Beogh
Jiyva
Lugonu

Shops:
D *[??*?*:[((!!!!


Innate Abilities, Weirdness & Mutations

You have temporarily grown beastly horns and talons.
You have very sharp fingernails.
You regenerate a little health from kills.
You are slightly weak-willed. (Will-)
When seriously injured, your bleeding wounds create armour. (AC +6)


Message History

You grow a pair of large bovine horns.
Your feet morph into talons.
The gnoll sergeant shouts!
Casting: Beastly Appendage (safe; 1% risk of failure)
Confirm with . or Enter, or press ? or * to list all spells.
Your blood is infused with primal strength.
The gnoll sergeant barely misses you.
You scratch the gnoll sergeant. You claw the gnoll sergeant.
The gnoll sergeant is lightly wounded.
The gnoll sergeant closely misses you. The gnoll sergeant blocks your attack.
Your kick misses the gnoll sergeant. You headbutt the gnoll sergeant.
You claw the gnoll sergeant, but do no damage.
The gnoll sergeant is moderately wounded.
The gnoll sergeant blocks your attack.
Your claw misses the gnoll sergeant.
The gnoll sergeant is moderately wounded.
The gnoll sergeant hits you with a +8 vorpal spear!
You completely miss the gnoll sergeant. Your kick misses the gnoll sergeant.
The gnoll sergeant is moderately wounded.
The gnoll sergeant hits you with a +8 vorpal spear.
* * * LOW HITPOINT WARNING * * *
x2 You barely miss the gnoll sergeant.
You claw the gnoll sergeant, but do no damage.
Your headbutt misses the gnoll sergeant.
The gnoll sergeant is moderately wounded.
The gnoll sergeant hits you with a +8 vorpal spear.
* * * LOW HITPOINT WARNING * * *
x2 You feel much better.
The gnoll sergeant hits you with a +8 vorpal spear!
A gnoll shaman comes into view. It is wielding a +0 whip.
You barely miss the gnoll sergeant.
The gnoll shaman shouts!
You claw the gnoll sergeant, but do no damage.
The gnoll sergeant blocks your attack.
The gnoll sergeant is moderately wounded.
The gnoll sergeant hits you with a +8 vorpal spear!
* * * LOW HITPOINT WARNING * * *
x2 You scratch the gnoll sergeant.
The gnoll sergeant is moderately wounded.
The gnoll sergeant hits you with a +8 vorpal spear!
You die...

###.........###
#⌠...........⌠#
#####.8.........8.######
.___......###......___∩##
........8.# #†8........∩##
........†.###†............
......[###...###......g...
.[.....# #.<.# #..........
.......###...###@.........
...)......###...g.........
....)...8)# #.8........∩##
∩.__....).###......___∩##
#####.8.........8.######
#⌠...........⌠#
###.........###
#........_# #........_#


You could see a gnoll sergeant and a gnoll shaman.

Vanquished Creatures
  A hell hound (D)
  6 wolves (D)
  Blork the orc (D)
  A gnoll shaman (D)
  A jelly (D)
  An orc priest (D)
  4 orcs (D)
  5 endoplasms (D)
20 creatures vanquished.

Notes
Turn   | Place    | Note
-------+----------+-------------------------------------------
     0 | D        | Zeldest the Demonspawn Transmuter began the quest for the
                  | Orb.
     0 | D        | Reached XP level 1. HP: 15/15 MP: 3/3
     1 | D        | Found a bloodstained altar of Trog.
     1 | D        | Found a radiant altar of Vehumet.
     2 | D        | Found an ancient bone altar of Kikubaaqudgha.
     2 | D        | Found a hide-covered altar of Uskayaw.
     3 | D        | Found a viscous altar of Jiyva.
     3 | D        | Found a shadowy altar of Dithmenos.
     4 | D        | Found Plog's Do-It-Yourself Clinic.
     4 | D        | Found an iron altar of Okawaru.
     4 | D        | Found Iminoit's Distillery.
     5 | D        | Round 1.
     7 | D        | Noticed a jelly
     9 | D        | Found an ornate altar of the Wu Jian Council.
    10 | D        | Found an opulent altar of Gozag.
    11 | D        | Found a sacrificial altar of Ru.
    12 | D        | Found Loch's Identification Station.
    12 | D        | Found a snail-covered altar of Cheibriados.
    13 | D        | Found Paepn's Advanced Armour.
    13 | D        | Found Nasykoes's Jewellery.
    16 | D        | Found a burning altar of Makhleb.
    20 | D        | Became a worshipper of Ru the Awakened
    32 | D        | Killed a jelly
    33 | D        | Gained mutation: When seriously injured, your bleeding
                  | wounds create armour. (AC +6) [demonic ancestry]
    33 | D        | Reached XP level 2. HP: 22/23 MP: 3/6
    33 | D        | Reached XP level 3. HP: 27/28 MP: 3/7
    36 | D        | Learned a level 2 spell: Wereblood
    42 | D        | Found a shimmering blue altar of Sif Muna.
    43 | D        | Found Dalez's Magic Scroll Shop.
    44 | D        | Found a shimmering altar of Xom.
    44 | D        | Found a stormy altar of Qazlal.
    44 | D        | Found a corrupted altar of Lugonu.
    44 | D        | Found Feovvies's Staff Store.
    44 | D        | Found Unlore's Magic Scroll Shop.
    44 | D        | Found Ulebeyr's Must-Have Magic.
    53 | D        | Found Dilulun's Distillery.
    53 | D        | Found Luigoe's Bottled Wisdom.
    57 | D        | Found a basalt altar of Yredelemnul.
    58 | D        | Found a blossoming altar of Fedhas.
    58 | D        | Found Ruebei's Weapon Rack.
    58 | D        | Found Ykham's Premium Goods.
    59 | D        | Found Dino's Basic Armour.
    59 | D        | Found Gof Rok's Miscellaneous Merchandise.
   124 | D        | Arena points: 14 (+14) [x2]
   138 | D        | Gained mutation: You are slightly weak-willed. (Will-) [Ru
                  | sacrifice]
   138 | D        | Reached * piety under Ru
   138 | D        | Reached ** piety under Ru
   180 | D        | Round 2.
   182 | D        | Noticed Blork the orc
   199 | D        | Killed Blork the orc
   200 | D        | Reached XP level 4. HP: 21/37 MP: 5/8
   258 | D        | Arena points: 56 (+42) [x3]
   259 | D        | Gained mutation: You regenerate a little health from kills.
                  | [demonic ancestry]
   259 | D        | Reached XP level 5. HP: 17/43 MP: 5/9
   327 | D        | Round 3.
   327 | D        | Noticed a wolf
   340 | D        | Killed a wolf
   341 | D        | Reached skill level 5 in Fighting
   341 | D        | Reached skill level 5 in Dodging
   341 | D        | Reached skill level 5 in Unarmed Combat
   341 | D        | Reached skill level 5 in Transmutations
   387 | D        | Noticed a wolf
   387 | D        | Noticed a wolf
   387 | D        | Noticed a wolf
   388 | D        | Noticed a wolf
   396 | D        | Killed a wolf
   397 | D        | Gained mutation: You have sharp fingernails. [demonic
                  | ancestry]
   397 | D        | Reached XP level 6. HP: 7/52 MP: 10/10
   398 | D        | Reached skill level 5 in Air Magic
   399 | D        | Gained mutation: You have very sharp fingernails. [demonic
                  | ancestry]
   399 | D        | Reached XP level 7. HP: 12/59 MP: 11/11
   415 | D        | Arena points: 140 (+84) [x4]
   473 | D        | Round 4.
   489 | D        | Bought a fine jade ring for 45 gold pieces
   489 | D        | Identified the ring "Addug" {Ice SInv} (You bought it in a
                  | shop in the Dungeon)
   489 | D        | Bought a scintillating brass ring for 45 gold pieces
   489 | D        | Identified the ring "Qerphur" {Int+6 Dex+7 SInv} (You
                  | bought it in a shop in the Dungeon)
   489 | D        | Bought a vibrating lead amulet for 45 gold pieces
   489 | D        | Identified the amulet "Beaf" {RegenMP Str+2} (You bought it
                  | in a shop in the Dungeon)
   540 | D        | Slain by a gnoll sergeant

Illustrated notes

Levels and vault maps discovered:
D:        arena_sprint

Skill      XL: |  1  2  3  4  5  6  7 |
---------------+----------------------+-----
Dodging        | 3 4 5 6 7 |  7.0
Transmutations | 3 4 5 6 7 |  7.0
Fighting       | 2 4 5 6 7 |  7.4
Unarmed Combat | 3 4 5 6 7 |  7.3
Spellcasting   | 3 |  3.1
Air Magic      | 2 4 5 6 |  6.1

Action                   |  1- 3 |  4- 6 |  7- 9 || total
-------------------------+-------+-------+-------++-------
Melee: Unarmed           |    28 |    25 |    23 ||    76
       Headbutt          |     3 |     4 |     2 ||     9
       Kick              |     8 |     3 |     5 ||    16
       Punch             |     1 |       |     2 ||     3
 Cast: Beastly Appendage |     4 |     5 |     3 ||    12
       Wereblood         |     1 |     3 |     1 ||     5
Invok: Sacrifice Essence |     1 |       |       ||     1
Evoke: Wand              |     1 |     3 |       ||     4
  Use: Potion            |       |       |     2 ||     2
 Stab: Invisible         |       |     1 |       ||     1
Armor: Robe              |       |     8 |     1 ||     9
Dodge: Dodged            |    18 |    13 |     8 ||    39

Table legend: (Time is in decaauts)
 A = Elapsed time spent in this place.
 B = Non-inter-level travel time spent in this place.
 C = Inter-level travel time spent in this place.
 D = Time resting spent in this place.
 E = Time spent auto-exploring this place.
 F = Levels seen in this place.
 G = Mean time per level.
                   A        B        C        D        E       F      G
               +--------+--------+--------+--------+--------+-----+--------+
         Total |    533 |    533 |      0 |     90 |      0 |   1 |  533.0 |
       Dungeon |    533 |    533 |      0 |     90 |      0 |   1 |  533.0 |
               +--------+--------+--------+--------+--------+-----+--------+

Top non-repeatable levels by time:
       D: 533 daAuts
